 Dungeon Crawl Stone Soup version 0.29-a0-821-g66395355a5 (webtiles) character file.

Game seed: 1435730632212690435

5093 bande the Blocker (level 10, 0/65 HPs)
             Began as a Gargoyle Fighter on July 7, 2022.
             Was a Priest of Okawaru.
             Slain by a komodo dragon (18 damage)
             ... on level 8 of the Dungeon.
             The game lasted 00:20:11 (12225 turns).

bande the Blocker (Gargoyle Fighter)               Turns: 12225, Time: 00:20:11

Health: 0/65       AC: 33    Str: 20    XL:     10   Next: 57%
Magic:  15/15      EV:  3    Int:  7    God:    Okawaru [***...]
Gold:   390        SH: 16    Dex: 13    Spells: 9/9 levels left

rFire   . . .      SeeInvis .   a - +1 war axe
rCold   + . .      Faith    +   n - +1 tower shield
rNeg    + . .      Spirit   .   D - +0 plate armour
rPois   ∞          Reflect  .   g - +0 helmet
rElec   +          Harm     .   i - +0 cloak
rCorr   .          Rampage  .   z - +0 pair of gloves
Will    .....                   (no boots)
Stlth   ..........              f - amulet of faith
HPRegen 0.20/turn               b - +4 ring of protection
MPRegen 0.14/turn               v - +4 ring of protection

@: no status effects
A: sickness immunity, AC +7, negative energy resistance 1, electricity
resistance, torment resistance 1, petrification resistance, talons 1, cold
resistance 1, dopey 1, mutation resistance 1
a: Renounce Religion, Heroism


You were on level 8 of the Dungeon.
You worshipped Okawaru.
Okawaru was most pleased with you.
You visited 2 branches of the dungeon, and saw 10 of its levels.

You collected 390 gold pieces.

Inventory:

Hand Weapons
 a - a +1 war axe (weapon)
 p - a +0 war axe
 C - a +1 flail of protection
Missiles
 r - 3 throwing nets (quivered)
Armour
 g - a +0 helmet (worn)
 i - a +0 cloak (worn)
 n - a +1 tower shield (worn)
 z - a +0 pair of gloves (worn)
 D - a +0 plate armour (worn)
Jewellery
 b - a +4 ring of protection (left hand)
 f - an amulet of faith (around neck)
 t - a ring of protection from fire
 v - a +4 ring of protection (right hand)
 w - a ring of fire
Wands
 j - a wand of light (13)
 A - a wand of digging (4)
Scrolls
 c - a scroll of amnesia
 s - 3 scrolls of teleportation
 y - 2 scrolls of fog
Potions
 e - 2 potions of cancellation {unknown}
 k - a potion of brilliance {unknown}
 l - 2 potions of haste
 m - 3 potions of curing
 o - a potion of heal wounds
 q - a potion of attraction {unknown}
 u - a potion of magic {unknown}
 x - 2 potions of mutation
 B - a potion of invisibility {unknown}


   Skills:
 + Level 8.4 Fighting
 + Level 7.7 Axes
 + Level 8.4 Armour
 + Level 9.1 Shields
 * Level 7.6 Invocations
 * Level 4.7 Evocations


You had 9 spell levels left.
You didn't know any spells.
Your spell library contained the following spells:

 Spells                   Type           Power      Damage    Failure   Level
 Sting                    Tmut/Pois      0%         1d3       100%        1
 Blink                    Tloc           0%         N/A       100%        2
 Poisonous Vapours        Pois/Air       0%         N/A       100%        2
 Static Discharge         Conj/Air       0%         3-3/arc   100%        2
 Gell's Gravitas          Tloc           0%         N/A       100%        3
 Ignite Poison            Fire/Tmut/Pois 0%         N/A       100%        3
 Lesser Beckoning         Tloc           0%         N/A       100%        3
 Mephitic Cloud           Conj/Pois/Air  0%         N/A       100%        3
 Teleport Other           Tloc           0%         N/A       100%        3
 Olgreb's Toxic Radiance  Pois           0%         N/A       100%        4
 Petrify                  Tmut/Erth      0%         N/A       100%        4
 Freezing Cloud           Conj/Ice/Air   0%         6-21      100%        5
 Lightning Bolt           Conj/Air       0%         1d11      100%        5
 Manifold Assault         Tloc           0%         N/A       100%        5
 Metabolic Englaciation   Hex/Ice        0%         N/A       100%        5
 Dispersal                Tloc           0%         N/A       100%        6
 Maxwell's Capacitive Co  Air            0%         ∞         100%        8
 Statue Form              Tmut/Erth      Unusable   N/A       N/A         6

Dungeon Overview and Level Annotations

Branches:
Dungeon (9/15)             Temple (1/1) D:5
   Lair: D:8-11         Orc: D:9-12

Altars:
Cheibriados
Dithmenos
Elyvilon
Fedhas
Gozag
Hepliaklqana
Kikubaaqudgha
Nemelex Xobeh
Okawaru
Qazlal
Sif Muna
Uskayaw
Vehumet
Wu Jian
Yredelemnul
Zin
The Shining One

Shops:
D:1 *   D:3 *!


Innate Abilities, Weirdness & Mutations

You are immune to sickness and miasma.
Your stone body is resilient. (AC +7)
You are immune to poison.
You resist negative energy. (rN+)
You are resistant to electric shocks. (rElec)
You are resistant to unholy torment.
You are immune to petrification.
You have sharp toenails.
Your flesh is cold resistant. (rC+)
You are dopey. (Int -2)
You are somewhat resistant to further mutation.


Message History

The yak gores you but does no damage. x2; The yak completely misses you.
Unknown command.
You slash the yak!
You kill the yak!
Okawaru accepts your kill.
You barely miss the yak. The yak gores you but does no damage.
The komodo dragon bites you but does no damage.
Unknown command.
You hit the komodo dragon. Your kick misses the komodo dragon.
The komodo dragon is lightly wounded.
You slash the yak! You block the yak's attack. The komodo dragon bites you!
* * * LOW HITPOINT WARNING * * *
The yak gores you but does no damage.
You hit the komodo dragon but do no damage.
You claw the komodo dragon, but do no damage.
The komodo dragon is lightly wounded.
You hit the yak. You block the komodo dragon's attack.
You block the yak's attack.
You hit the komodo dragon.
You claw the komodo dragon, but do no damage.
The komodo dragon is moderately wounded.
You hit the yak. You block the komodo dragon's attack.
The yak gores you but does no damage. You block the komodo dragon's attack.
The yak gores you.
* * * LOW HITPOINT WARNING * * *
You hit the komodo dragon.
You claw the komodo dragon, but do no damage.
The komodo dragon is moderately wounded.
You hit the yak.
The komodo dragon bites you but does no damage.
The yak gores you but does no damage.
You barely miss the komodo dragon.
You claw the komodo dragon, but do no damage.
The komodo dragon is moderately wounded.
You slash the yak!
You kill the yak!
Okawaru accepts your kill.
Okawaru will now gift you ammunition as you gain piety.
The komodo dragon bites you!!
You die...

######## ###
#######......###.##
#..[..#.####.##.#.###
#.###..#.##....###...
#.##[[..........#.###
#)##@#####....##.#### #.##l#
#.#......... #############.##.#
#.########## #.............##.#
#.########
#.##############.#####.##.....#
...# #.......##.###.# ...###
#.##.......# #.#
.....###########.##.#####.###.#
...............#.##.# #.....#


You could see a komodo dragon.

Vanquished Creatures
  An ugly thing (D:8)
  8 yaks
  A wyvern (D:8)
  4 water moccasins
  A black bear (D:8)
  A sky beast (D:8)
  2 orc warriors
  2 ice beasts (D:5)
  A centaur (D:8)
  A kobold brigand (D:7)
  8 bullfrogs
  2 gnoll sergeants
  A necrophage (D:6)
  2 scorpions
  8 wights
  4 howler monkeys
  4 hounds
  A lava snake (D:8)
  2 gnoll boudas
  4 orc priests (D:8)
  Crazy Yiuf (D:2)
  5 iguanas
  2 orc wizards
  Robin (D:2)
  28 gnolls
  6 adders
  3 white imps
  2 ufetubi
  2 dart slugs
  16 orcs
  5 endoplasms
  2 giant cockroaches
  15 goblins
  7 hobgoblins
  15 kobolds
  A quokka (D:2)
  8 ball pythons
  2 bats (D:2)
  2 frilled lizards (D:1)
  4 rats
185 creatures vanquished.

Vanquished Creatures (others)
  An orc wizard (D:8)
  11 fungi (D:9)
  14 plants (D:9)
26 creatures vanquished.

Grand Total: 211 creatures vanquished

Notes
Turn   | Place    | Note
-------+----------+-------------------------------------------
     0 | D:1      | bande the Gargoyle Fighter began the quest for the Orb.
     0 | D:1      | Reached XP level 1. HP: 14/14 MP: 1/1
   288 | D:1      | Reached XP level 2. HP: 20/20 MP: 2/2
   291 | D:1      | Found a faded altar of an unknown god.
   521 | D:1      | Reached XP level 3. HP: 23/24 MP: 3/3
   695 | D:1      | Found Nifigg's General Store.
   925 | D:2      | Reached skill level 6 in Shields
   925 | D:2      | Reached XP level 4. HP: 32/32 MP: 3/7
   926 | D:2      | Reached skill level 7 in Shields
   926 | D:2      | Reached XP level 5. HP: 38/38 MP: 3/9
  1677 | D:2      | Reached XP level 6. HP: 14/44 MP: 10/10
  1893 | D:2      | Gained mutation: You have sharp toenails. [potion of
                  | mutation]
  1893 | D:2      | Gained mutation: You have a pair of small horns on your
                  | head. [potion of mutation]
  1893 | D:2      | Gained mutation: You have razor-sharp toenails. [potion of
                  | mutation]
  1893 | D:2      | Gained mutation: You are partially covered in large bone
                  | plates. (SH +4) [potion of mutation]
  2071 | D:2      | Found a runed translucent door.
  2072 | D:2      | Noticed Crazy Yiuf
  2365 | D:2      | Noticed Robin
  2376 | D:2      | Killed Robin
  2458 | D:2      | Killed Crazy Yiuf
  2570 | D:3      | Lost mutation: You are partially covered in large bone
                  | plates. (SH +4) [potion of mutation]
  2570 | D:3      | Lost mutation: You have a pair of small horns on your head.
                  | [potion of mutation]
  2570 | D:3      | Lost mutation: You have razor-sharp toenails. [potion of
                  | mutation]
  2570 | D:3      | Gained mutation: You are dopey. (Int -2) [potion of
                  | mutation]
  2570 | D:3      | Gained mutation: Your flesh is cold resistant. (rC+)
                  | [potion of mutation]
  2570 | D:3      | Gained mutation: You are somewhat resistant to further
                  | mutation. [potion of mutation]
  2616 | D:3      | Found an ornate altar of the Wu Jian Council.
  2776 | D:3      | Found Uqimes Guekk's Distillery.
  3093 | D:3      | Found Zin's Purification Station.
  3096 | D:3      | Found a glowing silver altar of Zin.
  3685 | D:4      | Found a glowing golden altar of the Shining One.
  4098 | D:5      | Entered Level 5 of the Dungeon
  4118 | D:5      | Reached XP level 7. HP: 47/48 MP: 11/11
  4378 | D:5      | Identified the +8 sling of Jotwak {venom, rF+}
  4828 | D:5      | Found a staircase to the Ecumenical Temple.
  4936 | D:5      | Reached XP level 8. HP: 51/54 MP: 12/12
  5038 | Temple   | Entered the Ecumenical Temple
  6470 | D:7      | Noticed a yak
  6470 | D:7      | Noticed a yak
  6475 | D:7      | Noticed a yak
  6475 | D:7      | Noticed a yak
  6475 | D:7      | Noticed a yak
  6478 | D:7      | Noticed a yak
  6512 | D:6      | Killed a yak
  6556 | D:6      | Killed a yak
  6557 | D:6      | Reached skill level 8 in Shields
  6577 | D:6      | Killed a yak
  6578 | D:6      | Reached XP level 9. HP: 26/59 MP: 14/14
  7384 | D:7      | Found an iron altar of Okawaru.
  8475 | D:7      | Became a worshipper of Warmaster Okawaru
  9489 | D:8      | Reached * piety under Okawaru
 10192 | D:8      | Reached XP level 10. HP: 64/64 MP: 15/15
 11109 | D:9      | Noticed a white ugly thing
 11290 | D:8      | Killed a white ugly thing
 11290 | D:8      | Reached ** piety under Okawaru
 12058 | D:8      | Reached skill level 9 in Shields
 12225 | D:8      | Reached *** piety under Okawaru
 12225 | D:8      | Slain by a komodo dragon

Illustrated notes

Levels and vault maps discovered:
D:1:      tarquinn_simple_flora_water_c, layout_rooms,
          shapermc_ecumenical_altar_starsandcircs, serial_shops, shop,
          minmay_misc_feat_cross, nicolae_figureground_sparkle
D:2:      layout_basic, minmay_pentomino_w4, uniq_robin, uniq_crazy_yiuf_cottage
D:3:      layout_basic, mainiacjoe_overflow_tiny_flanked, zin_purify,
          serial_shops, nicolae_shop_advertising_works
          [nicolae_subvault_shop_adworks], due_unseen_surprise
D:4:      layout_basic, tso_oasis_becter
D:5:      layout_basic, temple_hall
D:6:      layout_basic
D:7:      layout_basic, mainiacjoe_overflow_boulevard, kennysheep_generic_room_9
D:8:      layout_loops_ring, kennysheep_potato
D:9:      layout_irregular_city, grunt_temple_overflow_open,
          kennysheep_mini_moat, due_lair_maze_entry_diamond, orc_0_dummy,
          gammafunk_ghost_necromancy
Temple:   hellmonk_temple_forest_ring

Skill      XL: |  1  2  3  4  5  6  7  8  9 10 |
---------------+-------------------------------+-----
Axes           | 2 4 6 7 |  7.7
Fighting       | 6 7 8 |  8.4
Armour         | 6 7 8 |  8.4
Shields        | 6 7 8 9 |  9.1
Invocations    | 4 6 7 |  7.6
Evocations     | 3 4 |  4.7

Action                   |  1- 3 |  4- 6 |  7- 9 | 10-12 || total
-------------------------+-------+-------+-------+-------++-------
Melee: War axe           |    55 |   128 |   344 |   119 ||   646
       Kick              |       |    12 |   111 |    38 ||   161
       Headbutt          |       |     4 |       |       ||     4
Invok: Heroism           |       |       |       |     1 ||     1
  Use: Scroll            |     8 |     7 |     3 |       ||    18
       Potion            |     1 |     3 |     2 |     2 ||     8
Armor: Scale mail        |    30 |    10 |       |       ||    40
       Chain mail        |       |    59 |   249 |    25 ||   333
       Plate armour      |       |       |       |   118 ||   118
Dodge: Dodged            |    18 |    25 |    56 |    20 ||   119
Block: Buckler           |    10 |       |       |       ||    10
       Tower shield      |     2 |   154 |   357 |   188 ||   701

Table legend: (Time is in decaauts)
 A = Elapsed time spent in this place.
 B = Non-inter-level travel time spent in this place.
 C = Inter-level travel time spent in this place.
 D = Time resting spent in this place.
 E = Time spent auto-exploring this place.
 F = Levels seen in this place.
 G = Mean time per level.
                   A        B        C        D        E       F      G
               +--------+--------+--------+--------+--------+-----+--------+
         Total |  12542 |  12247 |    295 |   4413 |   5787 |  10 | 1254.2 |
       Dungeon |  12375 |  12090 |    285 |   4413 |   5649 |   9 | 1375.0 |
        Temple |    167 |    157 |     10 |      0 |    138 |   1 |  167.0 |
               +--------+--------+--------+--------+--------+-----+--------+

Top non-repeatable levels by time:
     D:8: 2810 daAuts
     D:6: 2183 daAuts
     D:7: 1895 daAuts
     D:5: 1266 daAuts
     D:2: 1203 daAuts
     D:3: 1190 daAuts
     D:1: 901 daAuts
     D:4: 892 daAuts
  Temple: 167 daAuts
     D:9: 31 daAuts
